 Dungeon Crawl Stone Soup version 0.29-a0-409-gd843f3a48c (webtiles) character file.

Game seed: 17329280653877991668

49 croobank the Covert (level 3, 0/35 HPs)
             Began as a Gnoll Delver on May 14, 2022.
             Slain by an iguana (4 damage)
             ... on level 2 of the Dungeon on May 15, 2022.
             The game lasted 00:06:50 (1805 turns).

croobank the Covert (Gnoll Delver)                  Turns: 1805, Time: 00:06:50

Health: 0/35       AC:  3    Str: 11    XL:     3   Next: 75%
Magic:  4/4        EV: 13    Int: 11    God:
Gold:   114        SH:  0    Dex: 13    Spells: 3/3 levels left

rFire   . . .      SeeInvis .   a - +0 hand axe
rCold   . . .      Faith    .   (no shield)
rNeg    . . .      Spirit   .   l - +0 leather armour
rPois   .          Reflect  .   (no helmet)
rElec   .          Harm     .   (no cloak)
rCorr   .          Rampage  .   (no gloves)
Will    .....                   (no boots)
Stlth   ++++......              (no amulet)
HPRegen 0.11/turn               (no ring)
MPRegen 0.09/turn               (no ring)

@: no status effects
A: fangs 1, strong nose, distributed training
a: no special abilities


You were on level 2 of the Dungeon.
You visited 1 branch of the dungeon, and saw 5 of its levels.

You collected 135 gold pieces.
You spent 21 gold pieces at shops.

Inventory:

Hand Weapons
 a - a +0 hand axe (weapon)
 b - a +3 hunting sling
 k - a +0 dagger
Missiles
 h - 65 stones (quivered)
Armour
 l - a +0 leather armour (worn)
 s - a +0 ring mail
Wands
 g - a wand of digging (1)
Scrolls
 c - 2 scrolls of fog
 i - a scroll of amnesia {unknown}
 j - 2 scrolls of identify {unknown}
 n - 3 scrolls of teleportation {unknown}
 p - a scroll of enchant armour {unknown}
Potions
 d - a potion of might
 e - a potion of curing {unknown}
 f - a potion of lignification {unknown}
 m - a potion of degeneration {unknown}
 o - a potion of cancellation {unknown}
 q - a potion of flight {unknown}
 r - a potion of brilliance {unknown}


   Skills:
 + Level 6.5 Fighting
 + Level 0.9 Short Blades
 + Level 0.9 Long Blades
 + Level 4.5 Axes
 + Level 0.9 Maces & Flails
 + Level 0.9 Polearms
 + Level 0.9 Staves
 + Level 0.9 Slings
 + Level 0.9 Bows
 + Level 0.9 Crossbows
 + Level 0.9 Throwing
 + Level 0.9 Armour
 + Level 4.5 Dodging
 + Level 9.6 Stealth
 + Level 0.9 Shields
 + Level 0.9 Unarmed Combat
 + Level 0.9 Spellcasting
 + Level 0.6 Conjurations
 + Level 0.6 Hexes
 + Level 0.6 Summonings
 + Level 0.6 Necromancy
 + Level 0.6 Translocations
 + Level 0.6 Transmutations
 + Level 0.6 Fire Magic
 + Level 0.6 Ice Magic
 + Level 0.6 Air Magic
 + Level 0.6 Earth Magic
 + Level 0.6 Poison Magic
 + Level 1.0 Invocations
 + Level 0.9 Evocations


You had 3 spell levels left.
You didn't know any spells.
Your spell library contained the following spells:

 Spells                   Type           Power      Damage    Failure   Level
 Call Canine Familiar     Summ           1%         N/A       69%         3
 Portal Projectile        Hex/Tloc       2%         N/A       69%         3
 Leda's Liquefaction      Hex/Erth       0%         N/A       97%         4


Dungeon Overview and Level Annotations

Branches:
Dungeon (5/15)             Temple (0/1) D:4

Altars:
Xom

Shops:
D:4 *


Innate Abilities, Weirdness & Mutations

You have very sharp teeth.
Your uncanny sense of smell can sniff out nearby items.
Your experience applies equally to all skills.


Message History

The iguana closely misses you.
You hit the iguana.
The iguana is heavily wounded.
The iguana closely misses you.
You hit the iguana.
The iguana is almost dead.
The iguana bites you!
You barely miss the iguana.
The iguana is almost dead.
The iguana bites you but does no damage.
Unknown command.
You hit the iguana but do no damage. Your bite misses the iguana.
The iguana is almost dead.
The iguana bites you.
You hit the iguana but do no damage.
The iguana is almost dead.
The iguana bites you!
* * * LOW HITPOINT WARNING * * *
Okay, then.
Okay, then.
Okay, then.
Okay, then.
You closely miss the iguana. Your bite misses the iguana.
The iguana is almost dead.
The iguana closely misses you.
You hit the iguana but do no damage.
The iguana is almost dead.
The iguana bites you but does no damage.
You hit the iguana. Your bite misses the iguana.
The iguana is almost dead.
The iguana barely misses you.
You don't know any spells.
Okay, then.
Okay, then.
Okay, then.
Okay, then.
You hit the iguana but do no damage.
The iguana is almost dead.
The iguana bites you.
You die...

.. ##.# #.###### #..
#...$..# #..
##......#### #..
...........# #.#
#.._.(..# #.# #.......#
# #
#####.####......@#.##!##
................l#....?.
#####.####.##...........
#.# #.###.........$
#.##.............l..
#.##.#.####.........
#####.##.#.# #.##.##.##
......## #..∆ ... .# .#
####### ### ##..... #


You could see an iguana.

Vanquished Creatures
  3 adders
  A worm (D:1)
  4 ball pythons
  An endoplasm (D:1)
  A giant cockroach (D:1)
  2 goblins
  A hobgoblin (D:1)
  3 quokkas
  2 frilled lizards (D:2)
  A rat (D:1)
19 creatures vanquished.

Vanquished Creatures (others)
  A hobgoblin (D:2)
  A plant (D:4)
2 creatures vanquished.

Grand Total: 21 creatures vanquished

Notes
Turn   | Place    | Note
-------+----------+-------------------------------------------
     0 | D:5      | Reached skill level 9 in Stealth
     0 | D:5      | croobank the Gnoll Delver began the quest for the Orb.
     0 | D:5      | Reached XP level 1. HP: 23/23 MP: 1/1
     6 | D:5      | Noticed an iguana
    39 | D:5      | Noticed an iguana
    39 | D:5      | Noticed a scorpion
    41 | D:5      | Noticed a phantom
    57 | D:4      | Noticed an ogre
   183 | D:4      | Found Wanuaxywn's CLEARANCE SALE!.
   190 | D:4      | Bought a potion of might for 12 gold pieces
   190 | D:4      | Bought a wand of paralysis (1) for 9 gold pieces
   240 | D:3      | Reached XP level 2. HP: 26/29 MP: 2/2
   311 | D:3      | Reached XP level 3. HP: 17/35 MP: 3/3
   920 | D:1      | Found a faded altar of an unknown god.
  1619 | D:2      | Reached skill level 1 in Invocations
  1719 | D:2      | Found a shimmering altar of Xom.
  1805 | D:2      | Slain by an iguana

Illustrated notes

Levels and vault maps discovered:
D:1:      dpeg_arrival_rhombi, layout_basic, dreamdust_ecumenical_altar_statues
D:2:      layout_loops_ring, basic_altar
D:3:      layout_loops_ring, general_overflow_altar,
          mainiacjoe_overflow_surrounded_room, mainiacjoe_overflow_divided_tiny
D:4:      layout_loops_ring, tso_oasis_becter, elyvilon_altar_4,
          mainiacjoe_overflow_six_doors_small, minmay_temple_entry_trees,
          enter_ossuary_3, serial_co_window_serial, co_window_paths_b,
          co_window_paths_a, co_window_of_opportunity_a, co_window_paths_a,
          co_window_paths_b, co_window_corner_a, co_window_corner_a,
          co_window_2corner, co_window_cross_2, co_window_paths_c,
          co_window_corner_ca, glass_columns_c, nicolae_shop_clearance
D:5:      layout_rooms

Skill      XL: |  1  2  3 |
---------------+----------+-----
Stealth        | |  9.6
Invocations    | 1 |  1.0
Fighting       | |  6.5
Short Blades   | |  0.9
Long Blades    | |  0.9
Axes           | |  4.5
Maces & Flails | |  0.9
Polearms       | |  0.9
Staves         | |  0.9
Slings         | |  0.9
Bows           | |  0.9
Crossbows      | |  0.9
Throwing       | |  0.9
Armour         | |  0.9
Dodging        | |  4.5
Shields        | |  0.9
Unarmed Combat | |  0.9
Spellcasting   | |  0.9
Conjurations   | |  0.6
Hexes          | |  0.6
Summonings     | |  0.6
Necromancy     | |  0.6
Translocations | |  0.6
Transmutations | |  0.6
Fire Magic     | |  0.6
Ice Magic      | |  0.6
Air Magic      | |  0.6
Earth Magic    | |  0.6
Poison Magic   | |  0.6
Evocations     | |  0.9

Action                   || total
-------------------------++-------
Melee: Hand axe          ||    82
       Bite              ||     2
Evoke: Wand              ||     3
  Use: Scroll            ||     2
       Potion            ||     1
 Stab: Sleeping          ||     9
       Paralysed         ||     1
       Distracted        ||     1
Armor: Leather armour    ||    19
Dodge: Dodged            ||    72

Table legend: (Time is in decaauts)
 A = Elapsed time spent in this place.
 B = Non-inter-level travel time spent in this place.
 C = Inter-level travel time spent in this place.
 D = Time resting spent in this place.
 E = Time spent auto-exploring this place.
 F = Levels seen in this place.
 G = Mean time per level.
                   A        B        C        D        E       F      G
               +--------+--------+--------+--------+--------+-----+--------+
         Total |   1798 |   1676 |    122 |    486 |    760 |   5 |  359.6 |
       Dungeon |   1798 |   1676 |    122 |    486 |    760 |   5 |  359.6 |
               +--------+--------+--------+--------+--------+-----+--------+

Top non-repeatable levels by time:
     D:1: 1043 daAuts
     D:3: 302 daAuts
     D:2: 234 daAuts
     D:4: 165 daAuts
     D:5: 51 daAuts
